 Dungeon Crawl Stone Soup version 0.31-a0-1549-g5ff9445e89 (webtiles) character file.

Game seed: 10331743377038451299

7472 pokeman the Thaumaturge (level 10, -4/53 HPs)
             Began as a Deep Elf Hedge Wizard on Jan 2, 2024.
             Was a Priest of Vehumet.
             Slain by a yak (11 damage)
             ... on level 9 of the Dungeon.
             The game lasted 00:25:57 (9247 turns).

pokeman the Thaumaturge (Deep Elf Hedge Wizard)     Turns: 9247, Time: 00:25:58

Health: -4/53      AC: 11    Str:  7    XL:     10   Next: 94%
Magic:  21/39      EV: 13    Int: 30    God:    Vehumet [***...]
Gold:   584        SH:  0    Dex: 14    Spells: 28/37 levels left

rFire   . . .        t - +0 long sword (elec)
rCold   . . .        (no shield)
rNeg    . . .        K - +0 steam dragon scales
rPois   .            h - +0 helmet
rElec   .            (no cloak)
rCorr   .            w - +0 pair of gloves
SInv    .            a - +2 pair of boots
Will    +....        p - amulet of the acrobat
Stlth   ++           l - ring of magical power
HPRegen 0.28/turn    n - +6 ring of intelligence
MPRegen 0.26/turn

%: acrobat
@: no status effects
A: no striking features
a: Renounce Religion


You were on level 9 of the Dungeon.
You worshipped Vehumet.
Vehumet was most pleased with you.
You visited 2 branches of the dungeon, and saw 10 of its levels.
You also visited: Ossuary and Bailey.

You collected 728 gold pieces.
You spent 144 gold pieces at shops.

Inventory:

Hand Weapons
 t - a +0 long sword of electrocution (weapon)
Armour
 a - a +2 pair of boots (worn)
 h - a +0 helmet (worn)
 u - a +0 buckler
 w - a +0 pair of gloves (worn)
 K - +0 steam dragon scales (worn)
Jewellery
 l - a ring of magical power (left hand)
 n - a +6 ring of intelligence (right hand)
 p - an amulet of the acrobat (around neck)
 v - a ring of resist corrosion
 x - a ring of see invisible
 D - a +4 ring of protection
 M - a +6 ring of dexterity
Wands
 A - a wand of roots (23)
Scrolls
 c - 2 scrolls of noise {unknown}
 e - a scroll of blinking {unknown}
 j - 2 scrolls of vulnerability {unknown}
 m - 4 scrolls of identify {unknown}
 o - a scroll of immolation {unknown}
 r - 2 scrolls of summoning {unknown}
 y - 2 scrolls of amnesia {unknown}
 B - 2 scrolls of teleportation {unknown}
 C - a scroll of poison {unknown}
 E - 2 scrolls of brand weapon {unknown}
 F - a scroll of enchant weapon {unknown}
 H - 3 scrolls of fear {unknown}
Potions
 b - a potion of berserk rage {unknown}
 d - 5 potions of magic
 f - 11 potions of curing
 g - 4 potions of haste {unknown}
 i - a potion of attraction {unknown}
 k - a potion of degeneration {unknown}
 q - a potion of brilliance {unknown}
 s - 5 potions of might {unknown}
 z - 4 potions of resistance {unknown}
 G - 7 potions of heal wounds {unknown}
 I - 2 potions of ambrosia {unknown}
 J - 7 potions of mutation {unknown}
 L - 2 potions of cancellation {unknown}


   Skills:
 + Level 2.2 Fighting
 - Level 5.0 Armour
 - Level 3.1 Dodging
 - Level 3.0 Stealth
 - Level 3.0 Shields
 * Level 14.4 Spellcasting
 + Level 9.1 Conjurations
 - Level 1.1 Summonings
 - Level 1.1 Translocations
 + Level 5.7 Fire Magic
 - Level 1.0 Air Magic
 - Level 1.0 Alchemy
 - Level 1.0 Evocations


You had 28 spell levels left.
You knew the following spells:

 Your Spells              Type           Power      Damage    Failure   Level
a - Magic Dart            Conj           100%       1d8       1%          1
b - Mephitic Cloud        Conj/Alch/Air  44%        N/A       1%          3
c - Call Imp              Summ           56%        N/A       2%          2
d - Blink                 Tloc           56%        N/A       2%          2
e - Foxfire               Conj/Fire      100%       2x1d9     1%          1

Your spell library contained the following spells:

 Spells                   Type           Power      Damage    Failure   Level
 Searing Ray              Conj           100%       2d8       1%          2
 Summon Small Mammal      Summ           100%       N/A       1%          1
 Slow                     Hex            84%        N/A       2%          1
 Cigotuvi's Dreadful Rot  Necr/Alch/Air  50%        N/A       2%          2
 Ensorcelled Hibernation  Hex/Ice        42%        N/A       3%          2
 Call Canine Familiar     Summ           28%        N/A       4%          3
 Summon Blazeheart Golem  Fire/Summ      42%        N/A       5%          4
 Confusing Touch          Hex            21%        N/A       7%          3
 Fugue of the Fallen      Necr           21%        N/A       7%          3
 Ozocubu's Armour         Ice            21%        N/A       7%          3
 Sigil of Binding         Hex            21%        N/A       7%          3
 Vampiric Draining        Necr           21%        2d7       7%          3
 Manifold Assault         Tloc           28%        N/A       14%         4
 Anguish                  Hex/Necr       10%        N/A       22%         4


Dungeon Overview and Level Annotations

Branches:
Dungeon (9/15)             Temple (1/1) D:4         Ossuary (visited)
 Bailey (visited)
   Lair: D:8-11         Orc: D:9-12

Altars:
Ashenzari
Cheibriados
Dithmenos
Elyvilon
Fedhas
Gozag
Hepliaklqana
Kikubaaqudgha
Makhleb
Nemelex Xobeh
Okawaru
Qazlal
Ru
Sif Muna
Trog
Uskayaw
Vehumet
Wu Jian
Xom
Yredelemnul
Zin
The Shining One

Shops:
D:7 !   D:8 (

Annotations:
D:8 1 runed translucent door, jasper's ghost, novice HuNe


Message History

Unknown command.
Casting: Foxfire (safe; 1% risk of failure)
Confirm with . or Enter, or press ? or * to list all spells.
You conjure some foxfire!
The foxfire hits Grum but does no damage.
Grum is heavily wounded.
The foxfire hits Grum.
Grum is heavily wounded.
Grum is engulfed in noxious fumes.
Grum appears confused.
The yak is engulfed in noxious fumes.
The yak appears confused.
Casting: Foxfire (safe; 1% risk of failure)
Confirm with . or Enter, or press ? or * to list all spells.
You conjure some foxfire!
The foxfire hits Grum!
Grum is severely wounded.
The foxfire hits Grum.
Grum is almost dead.
Grum hits you with a +1 spear of freezing!
* * * LOW HITPOINT WARNING * * *
Grum freezes you.
* * * LOW HITPOINT WARNING * * *
Grum hits himself with a +1 spear of freezing.
Grum is killed!
Vehumet accepts your kill.
You feel your power returning.
The yak is engulfed in noxious fumes.
Unknown command.
Casting: Foxfire (safe; 1% risk of failure)
Confirm with . or Enter, or press ? or * to list all spells.
You conjure some foxfire!
The foxfire hits the yak!
The yak is severely wounded.
Unknown command.
Casting: Foxfire (safe; 1% risk of failure)
Confirm with . or Enter, or press ? or * to list all spells.
You conjure some foxfire!
The foxfire hits the yak.
The yak is almost dead.
The foxfire hits the yak.
The yak is almost dead.
The foxfire hits the yak but does no damage.
The yak is almost dead.
The yak gores you!
You die...

.......###...# ..
...##.....Y.# .# .##
..###......## .# .#
.. ###....######..
.. .. #............#
# ..........†.....#
..........☼.☼...#
...#+###..h..☼Y.§###
.#. ....h.§$@v..# .
.......!.§v.^.#
.............##
................
......../......
...............
....###.#...... ....
###...#.#


You could see a yak (confused, ally target) and 2 wolves.

Vanquished Creatures
  Erica (D:9)
  2 two-headed ogres (D:9)
  Pikel (D:9)
  An orc knight (Bailey)
  Sigmund (D:5)
  2 steam dragons (D:8)
  Grum (D:9)
  Eustachio (D:6)
  2 water moccasins
  3 orc warriors
  A sky beast (D:7)
  A black bear (D:8)
  2 ice beasts
  2 ogres
  2 wolves (D:9)
  2 centaurs
  A phantom (D:4)
  A kobold brigand (D:6)
  2 bullfrogs
  Blork the orc (D:5)
  3 scorpions (D:5)
  4 wights (D:8)
  13 killer bees
  5 howler monkeys
  A jelly (D:8)
  2 bombardier beetles
  2 hounds
  An orc priest (D:7)
  2 gnoll boudas
  A sleepcap (D:5)
  5 iguanas
  4 orc wizards
  8 mummies (Ossuary)
  19 gnolls
  2 adders
  A white imp (D:7)
  2 ufetubi (D:7)
  2 ribbon worms
  33 orcs
  5 ball pythons
  5 endoplasms
  A gnoll zombie (Ossuary)
  5 goblins
  5 hobgoblins
  2 jackals (D:4)
  2 quokkas
  3 bats
  6 frilled lizards
  2 hobgoblin zombies (Ossuary)
  12 kobolds
  5 kobold zombies (Ossuary)
  5 rats
198 creatures vanquished.

Vanquished Creatures (collateral kills)
  3 killer bees (D:8)
  A bombardier beetle (D:3)
  An adder (D:3)
  An orc (D:3)
  An endoplasm (D:3)
7 creatures vanquished.

Vanquished Creatures (others)
  Maggie (D:9)
  420 foxfires
421 creatures vanquished.

Grand Total: 626 creatures vanquished

Notes
Turn   | Place    | Note
-------+----------+-------------------------------------------
     0 | D:1      | pokeman the Deep Elf Hedge Wizard began the quest for the
                  | Orb.
     0 | D:1      | Reached XP level 1. HP: 10/10 MP: 7/7
   361 | D:1      | Reached XP level 2. HP: 16/16 MP: 6/9
  1233 | D:2      | Reached skill level 5 in Spellcasting
  1462 | D:2      | Reached XP level 3. HP: 20/20 MP: 6/11
  1466 | D:2      | Learned a level 3 spell: Mephitic Cloud
  1469 | D:2      | Learned a level 2 spell: Call Imp
  1472 | D:2      | Learned a level 2 spell: Blink
  1658 | D:2      | Found a glowing silver altar of Zin.
  2168 | D:3      | Reached skill level 1 in Fighting
  2168 | D:3      | Reached skill level 1 in Armour
  2171 | D:3      | Reached XP level 4. HP: 9/25 MP: 3/13
  2534 | D:3      | You fall into a shaft and drop 1 floor!
  2635 | D:4      | Noticed a phantom
  2647 | D:4      | Killed a phantom
  2648 | D:4      | Reached skill level 6 in Spellcasting
  2648 | D:4      | Reached XP level 5. HP: 12/29 MP: 13/15
  3167 | D:4      | Found a staircase to the Ecumenical Temple.
  3174 | Temple   | Entered the Ecumenical Temple
  3415 | D:5      | Entered Level 5 of the Dungeon
  3436 | D:5      | Reached XP level 6. HP: 22/35 MP: 11/17
  3551 | D:5      | Noticed Blork the orc
  3562 | D:5      | Killed Blork the orc
  3563 | D:5      | Reached skill level 7 in Spellcasting
  3757 | D:5      | Reached skill level 1 in Shields
  3757 | D:5      | Reached XP level 7. HP: 35/40 MP: 15/20
  3770 | D:5      | Noticed Sigmund
  3777 | D:5      | Killed Sigmund
  3778 | D:5      | Reached skill level 5 in Conjurations
  4097 | D:5      | Reached skill level 1 in Alchemy
  4436 | D:6      | Reached skill level 8 in Spellcasting
  4436 | D:6      | Reached skill level 1 in Air Magic
  4525 | D:6      | Reached skill level 1 in Evocations
  4608 | D:6      | Reached XP level 8. HP: 44/44 MP: 22/22
  4758 | D:6      | Noticed Eustachio
  4775 | D:6      | Killed Eustachio
  4792 | D:6      | Reached skill level 9 in Spellcasting
  5388 | D:6      | Found an ancient bone altar of Kikubaaqudgha.
  5388 | D:6      | Found a shimmering altar of Xom.
  5389 | D:6      | Found an opulent altar of Gozag.
  5582 | D:7      | Found a radiant altar of Vehumet.
  5590 | D:7      | Became a worshipper of Vehumet
  5607 | D:7      | Reached skill level 10 in Spellcasting
  5860 | D:7      | Found Qaelaet's Distillery.
  5863 | D:7      | Bought a potion of curing for 36 gold pieces
  5863 | D:7      | Bought a potion of curing for 36 gold pieces
  5863 | D:7      | Bought a potion of curing for 36 gold pieces
  5863 | D:7      | Bought a potion of curing for 36 gold pieces
  6165 | D:7      | Reached XP level 9. HP: 15/48 MP: 8/25
  6461 | D:7      | Reached * piety under Vehumet
  6461 | D:7      | Offered knowledge of Foxfire by Vehumet.
  6464 | D:7      | Learned a level 1 spell: Foxfire
  6701 | D:7      | Upgraded the game from 0.31-a0-1540-g5a0b83f448 to
                  | 0.31-a0-1549-g5ff9445e89
  6819 | D:7      | Reached skill level 11 in Spellcasting
  6932 | D:8      | Reached skill level 1 in Fire Magic
  7020 | D:8      | Found a sand-covered staircase.
  7029 | Ossuary  | Entered an ossuary
  7238 | D:8      | Found a runed translucent door.
  7239 | D:8      | Noticed jasper's ghost (novice HuNe)
  7278 | D:8      | Offered knowledge of Sandblast by Vehumet.
  7289 | D:8      | Reached ** piety under Vehumet
  7370 | D:8      | Reached skill level 12 in Spellcasting
  7397 | D:8      | Found a flagged portal.
  7478 | D:8      | Found a shadowy altar of Dithmenos.
  7491 | Bailey   | Entered a bailey
  7877 | Bailey   | Offered knowledge of Searing Ray by Vehumet.
  7933 | Bailey   | Noticed an orc knight
  7949 | Bailey   | Killed an orc knight
  7950 | Bailey   | Reached XP level 10. HP: 53/53 MP: 28/28
  8259 | D:8      | Found Isaq's Weapon Emporium.
  8260 | D:8      | Noticed a +0 executioner's axe
  8260 | D:8      | Noticed a +0 giant spiked club
  8784 | D:8      | Identified the +10 trident "Ylobac" {vamp, Dex+2}
  8800 | D:9      | Noticed Maggie
  8812 | D:9      | Noticed Erica
  8818 | D:9      | Killed Maggie
  8819 | D:9      | Reached skill level 13 in Spellcasting
  8820 | D:9      | Noticed a two-headed ogre
  8944 | D:9      | Noticed Pikel
  8946 | D:9      | Reached *** piety under Vehumet
  8954 | D:9      | Killed Pikel
  9068 | D:9      | Noticed a two-headed ogre
  9095 | D:9      | Killed a two-headed ogre
  9096 | D:9      | Reached skill level 5 in Fire Magic
  9098 | D:9      | Killed a two-headed ogre
  9099 | D:9      | Reached skill level 14 in Spellcasting
  9106 | D:9      | Killed Erica
  9107 | D:9      | Reached skill level 5 in Armour
  9231 | D:9      | Noticed Grum
  9245 | D:9      | Killed Grum
  9247 | D:9      | Slain by a yak

Illustrated notes

Levels and vault maps discovered:
D:1:      hellmonk_arrival_library, layout_loops_ring, hangedman_glass_teeth
D:2:      layout_loops_ring, basic_altar
D:3:      layout_basic, serial_shops, shop_statue
D:4:      layout_basic, minmay_temple_entry_statues_pillars, serial_aquarium,
          aquarium_bridge_island_small [aquarium_subvault_small_water,
          aquarium_subvault_bridge, aquarium_subvault_window,
          aquarium_subvault_wall, aquarium_subvault_wall],
          aquarium_bridge_square [aquarium_subvault_bridge,
          aquarium_subvault_bridge, aquarium_subvault_balcony,
          aquarium_subvault_bridge], aquarium_window_3, aquarium_window_fake,
          aquarium_window_2, aquarium_view_2d, aquarium_view_2c,
          aquarium_balcony_1b, minmay_pentomino_pile
D:5:      layout_loops_ring, uniq_sigmund, uniq_blork_the_orc
D:6:      layout_loops_corners, gammafunk_temple_overflow_claw, uniq_eustachio
D:7:      layout_loops_ring, nicolae_vehumet_radiance, serial_shops,
          nicolae_shop_pleasant_corner_grove
D:8:      layout_basic, mainiacjoe_overflow_alcove_1, enter_bailey_8,
          enter_ossuary_1, serial_shops, nicolae_shop_mannequins,
          ebering_ghost_funeral_grove, st_stairs_14, minmay_crystal_room
D:9:      nicolae_moon_pools, layout_cave_pools, serial_shops,
          nicolae_shop_behind_doors, uniq_maggie, uniq_erica, uniq_pikel,
          uniq_grum
Temple:   nicolae_temple_bog_church

Skill      XL: |  1  2  3  4  5  6  7  8  9 10 |
---------------+-------------------------------+-----
Spellcasting   | 5 6 7 8 10 12 14 | 14.4
Fighting       | 1 2 |  2.2
Armour         | 1 2 3 5 |  5.0
Conjurations   | 2 3 5 6 8 9 |  9.1
Dodging        | 3 |  3.1
Shields        | 1 3 |  3.0
Alchemy        | 1 |  1.0
Stealth        | 3 |  3.0
Air Magic      | 1 |  1.0
Evocations     | 1 |  1.0
Fire Magic     | 3 5 |  5.7
Summonings     | |  1.1
Translocations | |  1.1

Action                     |  1- 3 |  4- 6 |  7- 9 | 10-12 || total
---------------------------+-------+-------+-------+-------++-------
  Melee: Dagger            |    10 |     3 |       |       ||    13
         Long sword        |       |     8 |    89 |    15 ||   112
         Punch             |       |       |       |     1 ||     1
   Cast: Magic Dart        |    87 |    95 |   184 |       ||   366
         Mephitic Cloud    |     2 |     5 |    30 |    13 ||    50
         Call Imp          |     1 |       |     2 |       ||     3
         Blink             |       |     1 |     9 |     3 ||    13
         Foxfire           |       |       |   142 |    84 ||   226
  Evoke: Wand              |       |       |     1 |       ||     1
    Use: Potion            |       |       |     1 |       ||     1
   Stab: Sleeping          |     1 |       |       |       ||     1
         Confused          |       |     1 |     9 |     2 ||    12
 Armour: Robe              |     7 |    22 |    89 |       ||   118
         Steam dragon scal |       |       |       |    37 ||    37
  Dodge: Dodged            |    13 |    29 |   107 |    38 ||   187

Table legend: (Time is in decaauts)
 A = Elapsed time spent in this place.
 B = Non-inter-level travel time spent in this place.
 C = Inter-level travel time spent in this place.
 D = Time resting spent in this place.
 E = Time spent auto-exploring this place.
 F = Levels seen in this place.
 G = Mean time per level.
                   A        B        C        D        E       F      G
               +--------+--------+--------+--------+--------+-----+--------+
         Total |   9287 |   9144 |    143 |    105 |   7232 |  12 |  773.9 |
       Dungeon |   8538 |   8395 |    143 |     97 |   6779 |   9 |  948.7 |
        Temple |      1 |      1 |      0 |      0 |      0 |   1 |    1.0 |
       Ossuary |    166 |    166 |      0 |      0 |      0 |   1 |  166.0 |
        Bailey |    581 |    581 |      0 |      8 |    453 |   1 |  581.0 |
               +--------+--------+--------+--------+--------+-----+--------+

Top non-repeatable levels by time:
     D:7: 1347 daAuts
     D:8: 1250 daAuts
     D:1: 1230 daAuts
     D:6: 1180 daAuts
     D:5: 1004 daAuts
     D:2: 901 daAuts
     D:4: 879 daAuts
  Bailey: 581 daAuts
     D:3: 400 daAuts
     D:9: 343 daAuts
 Ossuary: 166 daAuts
  Temple: 1 daAuts
